 Seeded DCSS version 0.26-a0-854-gdc81c2f (webtiles) character file.

Game seed: 210388575596111802 (custom seed)

126618 araganzar the Thaumaturge (level 15, -25/115 HPs)
             Began as a Demigod Wanderer on Nov 21, 2020.
             Killed from afar by a will-o-the-wisp (51 damage)
             ... with a foxfire
             ... on level 2 of the Lair of Beasts on Nov 22, 2020.
             The game lasted 03:27:21 (37796 turns).

araganzar the Thaumaturge (Demigod Wanderer)       Turns: 37796, Time: 03:27:21

Health: -25/115    AC: 19    Str: 13    XL:     15   Next: 97%
Magic:  10/36      EV: 13    Int: 31    God:
Gold:   3034       SH: 12    Dex: 17    Spells: 1/38 levels left

rFire    x . .     SeeInvis .   a - +4 long sword (elec)
rCold    + + .     Faith    .   l - +2 buckler {rC+}
rNeg     + . .     Spirit   .   L - +5 ring mail of Discretion {*Slow Int+3 Dex+2 Slay+2}
rPois    .         Reflect  +   H - +1 helmet of Zatrirgh {Rampage}
rElec    .         Harm     .   p - +0 cloak
rCorr    .         Rampage  +   R - +0 pair of gloves
MR       +....     Clarity  +   U - +0 pair of boots
Stlth    +.........             j - amulet of reflection
HPRegen  0.29/turn              f - ring of ice {rC+, rF-}
MPRegen  0.25/turn              J - ring of positive energy {rN+}

@: very slightly contaminated
A: yellow scales 1, clarity, high mp 1
a: no special abilities


You were on level 2 of the Lair of Beasts.
You visited 5 branches of the dungeon, and saw 25 of its levels.
You also visited: Bailey.

You collected 3299 gold pieces.
You spent 265 gold pieces at shops.


Innate Abilities, Weirdness & Mutations

You have an increased reservoir of magic. (+10% MP)
You are partially covered in yellow scales. (AC +2)
You possess an exceptional clarity of mind.


   Skills:
 - Level 6.0 Fighting
 - Level 8.0 Long Blades
 - Level 1.5 Axes
 - Level 3.0 Throwing
 - Level 5.1 Armour
 - Level 4.0 Dodging
 - Level 4.0 Shields
 - Level 12.0 Spellcasting
 + Level 11.5 Conjurations
 - Level 4.0 Summonings
 - Level 4.0 Translocations
 - Level 6.0 Fire Magic
 + Level 11.5 Ice Magic
 - Level 8.0 Air Magic
 - Level 4.0 Earth Magic
 - Level 3.0 Poison Magic
 - Level 5.0 Evocations


You had one spell level left.
You knew the following spells:

 Your Spells              Type           Power        Failure   Level
a - Summon Ice Beast      Ice/Summ       #######.     2%          4
b - Freezing Cloud        Conj/Ice/Air   #######...   12%         6
c - Hailstorm             Conj/Ice       #######.     1%          4
e - Stone Arrow           Conj/Erth      ######       1%          3
f - Fireball              Conj/Fire      ######....   4%          5
g - Iskenderun's Mystic   Conj/Tloc      ######..     2%          4
h - Magic Dart            Conj           ####         1%          1
s - Sticky Flame          Conj/Fire      ######..     1%          4
x - Mephitic Cloud        Conj/Pois/Air  ######..     1%          3
z - Frozen Ramparts       Ice            ######       1%          3

Your spell library contained the following spells:

 Spells                   Type           Power        Failure   Level
 Apportation              Tloc           #####.       1%          1
 Foxfire                  Conj/Fire      ####         1%          1
 Freeze                   Ice            ####         1%          1
 Sandblast                Erth           #####.       1%          1
 Blink                    Tloc           N/A          1%          2
 Call Imp                 Summ           #####...     1%          2
 Ensorcelled Hibernation  Hex/Ice        ######       1%          2
 Poisonous Vapours        Pois/Air       ######       1%          2
 Conjure Flame            Conj/Fire      ######..     1%          3
 Ozocubu's Armour         Ice            #######.     1%          3
 Airstrike                Air            ######....   1%          4
 Passwall                 Tmut/Erth      ####....     3%          2
 Gell's Gravitas          Tloc           #####.....   3%          3
 Inner Flame              Hex/Fire       #####...     4%          3
 Ice Form                 Ice/Tmut       ######..     4%          4
 Portal Projectile        Hex/Tloc       ####..       7%          3
 Slow                     Hex            ###.....     8%          2
 Wereblood                Tmut           ###.....     8%          2
 Passage of Golubria      Tloc           N/A          10%         4
 Leda's Liquefaction      Hex/Erth       ####......   22%         4
 Petrify                  Tmut/Erth      ####....     22%         4
 Lee's Rapid Deconstruct  Erth           #####.....   28%         5
 Silence                  Hex/Air        #####.....   28%         5
 Borgnjor's Vile Clutch   Necr/Erth      ####......   54%         5
 Simulacrum               Ice/Necr       ######....   58%         6
 Shadow Creatures         Summ           N/A          83%         6
 Malign Gateway           Summ/Tloc      #####.....   100%        7

Inventory:

Hand Weapons
 a - a +4 long sword of electrocution (weapon)
   (You found it on level 3 of the Dungeon)
 d - the +3 long sword of Noxtuts {speed, rF+ rN+ Str-2}
   (You took it off a big kobold on level 12 of the Dungeon)

   Attacks with this weapon are significantly faster.
   It affects your strength (-2).
   It protects you from fire.
   It protects you from negative energy.
Missiles
 z - 8 curare-tipped darts (quivered)
 T - a throwing net {=f, !d}
Armour
 l - a +2 buckler of cold resistance (worn)
   (You bought it in a shop on level 2 of the Orcish Mines)
 p - a +0 cloak (worn)
   (You found it on level 6 of the Dungeon)
 H - the +1 helmet of Zatrirgh (worn) {Rampage}
   (You found it on level 2 of the Lair of Beasts)

   It bestows one free step when moving towards enemies.
 L - the +5 ring mail of Discretion (worn) {*Slow Int+3 Dex+2 Slay+2}
   (You found it on level 8 of the Dungeon)

   It affects your intelligence (+3).
   It affects your dexterity (+2).
   It affects your accuracy and damage with ranged weapons and melee attacks
   (+2).
   It may slow you when you take damage.
 R - a +0 pair of gloves (worn)
   (You found it on level 15 of the Dungeon)
 U - a +0 pair of boots (worn)
   (You found it on level 10 of the Dungeon)
Magical Staves
 b - an uncursed staff of cold {rC+}
   (You found it on level 3 of the Dungeon)
Jewellery
 f - a ring of ice (left hand) {rC+, rF-}
   (You found it on level 4 of the Dungeon)
 j - an amulet of reflection (around neck)
   (You found it on level 4 of the Dungeon)
 r - an uncursed ring of see invisible {sInv, !d}
   (You took it off a kobold on level 3 of the Dungeon)
 t - an uncursed ring of flight {+Fly, !d}
   (You found it on level 2 of the Dungeon)
 C - an uncursed ring of ice {rC+, rF-}
   (You found it on level 2 of the Lair of Beasts)
 I - an uncursed ring of protection from magic {MR+, !d}
   (You found it on level 15 of the Dungeon)
 J - a ring of positive energy (right hand) {rN+}
   (You found it on level 6 of the Dungeon)
 W - an uncursed amulet of regeneration {+regen, !d}
   (You took it off a gnoll sergeant on level 10 of the Dungeon)
Wands
 B - a wand of disintegration (21)
   (You found it on level 12 of the Dungeon)
 F - a wand of digging (5)
   (You found it on level 4 of the Dungeon)
 G - a wand of iceblast (10)
   (You found it on level 6 of the Dungeon)
 N - a wand of acid (21)
   (You found it on level 9 of the Dungeon)
Scrolls
 g - 13 scrolls of teleportation
 s - a scroll of summoning
 u - 2 scrolls of magic mapping {!r}
 v - 9 scrolls of identify
 y - 8 scrolls of fog
 D - 7 scrolls of remove curse
 Y - 2 scrolls of immolation {!r}
 Z - 3 scrolls of fear
Potions
 e - 3 potions of flight
 h - 7 potions of heal wounds
 i - 2 potions of might
 n - 3 potions of cancellation
 q - 7 potions of curing
 w - a potion of magic
 x - 3 potions of haste
 A - 2 potions of invisibility
 E - a potion of brilliance
 P - 2 potions of ambrosia
 Q - 3 potions of lignification {!q}
Miscellaneous
 m - a lightning rod (4/4)
   (You found it on level 1 of the Lair of Beasts)
 O - a phial of floods
   (You found it on level 15 of the Dungeon)

......# #..##.....▓▓▓.▓.▓......#+
......# #..##....................
......###.##.....................
.......#..#......................
.......#.##.#....................
.......###.......................
.......#............§............
.................§#.##.........##
.....#.........§@P§§....#....####
......#..##....vvP§§....#....####
..........#....§§§............##.
.....#...#.....§.§......#....+...
<...#.........§..............##..
.....#...........#....##P....##..
.....#.####..................####
....#..#.##..>...............# ##
.............................###.


You could see a will-o-the-wisp.


Message History

Unknown command.
Unknown command.
You erupt in a blast of force!
The mystic blast hits the tyrant leech!!
You kill the tyrant leech!
The mystic blast hits the bush.
The mystic blast hits the bush!!
The foxfire hits you. The fire burns you terribly! The foxfire hits you!
The fire burns you terribly!
The will-o-the-wisp blinks!
You take 20 damage, and have 46/115 hp.
You now have 13/36 mp.
Unknown command.
Unknown command.
You feel a surge of power!
A cannonade of hail descends around you!
The hail pelts the will-o-the-wisp!
The will-o-the-wisp partially resists.
You now have 9/36 mp.
Unknown command.
You hit the will-o-the-wisp but do no damage.
You block the will-o-the-wisp's attack.
Unknown command.
Unknown command.
You slash the will-o-the-wisp!
The will-o-the-wisp gestures.
The will-o-the-wisp conjures some foxfire! 2 foxfires come into view.
Unknown command.
You slash the will-o-the-wisp! The foxfire hits you!!
The fire burns you terribly!
* * * LOW HITPOINT WARNING * * *
The foxfire hits you!!! The fire burns you terribly!
You die...

Action                   |  1- 3 |  4- 6 |  7- 9 | 10-12 | 13-15 || total
-------------------------+-------+-------+-------+-------+-------++-------
Melee: Dagger            |    10 |       |    13 |       |       ||    23
       Hand axe          |    15 |    14 |       |       |       ||    29
       Long sword        |       |    36 |   169 |   164 |   503 ||   872
       Staff             |       |       |       |       |    25 ||    25
Throw: Stone             |     1 |       |       |       |       ||     1
 Cast: Magic Dart        |    88 |    60 |    29 |    11 |     2 ||   190
       Call Imp          |    12 |    55 |   103 |    10 |       ||   180
       Mephitic Cloud    |       |     4 |    26 |    21 |       ||    51
       Conjure Flame     |       |     3 |     3 |     5 |       ||    11
       Poisonous Vapours |       |       |    15 |    89 |       ||   104
       Frozen Ramparts   |       |       |       |    32 |   157 ||   189
       Stone Arrow       |       |       |       |    22 |    36 ||    58
       Hailstorm         |       |       |       |    15 |   179 ||   194
       Sticky Flame      |       |       |       |    14 |    66 ||    80
       Summon Ice Beast  |       |       |       |       |    73 ||    73
       Fireball          |       |       |       |       |    52 ||    52
       Iskenderun's Myst |       |       |       |       |    26 ||    26
Evoke: Wand              |       |       |     1 |     2 |    13 ||    16
       Box of beasts     |       |       |       |       |     1 ||     1
  Use: Scroll            |     2 |    14 |    11 |     7 |    11 ||    45
       Potion            |       |     1 |     1 |     1 |     2 ||     5
 Stab: Sleeping          |     2 |     1 |       |       |       ||     3
       Distracted        |       |     1 |     3 |     1 |     3 ||     8
       Confused          |       |       |     4 |     8 |       ||    12
Armor: Robe              |     4 |    10 |       |       |       ||    14
       Leather armour    |       |       |    33 |       |       ||    33
       Ring mail         |       |       |    49 |   115 |   275 ||   439
Dodge: Dodged            |    27 |    73 |   117 |   144 |   381 ||   742
Block: Other             |       |     3 |    68 |    14 |       ||    85
       Reflection        |       |       |     5 |     1 |     3 ||     9
       Buckler           |       |       |       |       |   203 ||   203
       Rpst.: Long sword |       |    17 |    23 |    44 |    80 ||   164

Levels and vault maps discovered:
D:1:      psy_arrival_statuary, layout_basic
D:2:      layout_loops_ring, old_standard_altar, kennysheep_jessica_study,
          uniq_terence
D:3:      cheibrodos_thug_alley, layout_basic, marbit_many_paths,
          kennysheep_nub, minmay_misc_feat_room, minmay_shallow_snake_nest
D:4:      gammafunk_cloud_chamber, layout_loops_cross,
          nicolae_overflow_hidden_temple
D:5:      layout_gridville, minitemple, lemuel_doored_altar,
          minmay_temple_entry_poolview, hangedman_decor_peaks_small,
          uniq_blork_the_orc
D:6:      layout_cave_pools
D:7:      layout_rooms
D:8:      layout_basic, st_stairs_5
D:9:      layout_basic, lemuel_round_altar, elyvilon_altar_5, basic_altar,
          serial_shops, nicolae_shop_trees, bh_circular_ruins, uniq_pikel
D:10:     layout_loops_cross, kennysheep_orc_monster_closet_entryway
D:11:     layout_basic, david_lair_generic,
          ploomutoo_gammafunk_ghost_potion_laboratory
D:12:     layout_long_grid, serial_shops, shop_statue
D:13:     layout_roguey, enter_bailey_5, minmay_misc_feat_more_columns,
          okawaru_ov_weapons_minmay, uniq_snorg
D:14:     layout_rooms, david_vaults_5, nicolae_ru_sacrificial_ziggurat,
          roderic_serpentine_path
D:15:     grunt_enter_depths_snipers, layout_gridville, serial_park_avenue1,
          serial_shops, shop
Lair:1:   layout_loops_ring
Lair:2:   layout_regular_city, swamp_mist, beast_lair_carwin_9,
          grunt_megastairs_2
Lair:3:   beast_lair_carwin_large_3, layout_hall_layers,
          spider_nest_entry_funnel_web
Lair:4:   layout_layer_cave, basic_altar, grunt_forest_small_clearing_treed,
          serial_bayou_shore_b, serial_bayou_shore_b, grunt_megastairs_5
Lair:5:   minmay_lair_venomous_thicket, layout_loops_ring, slime_altar_1,
          serial_bayou_shore_b, infiniplex_staircase_pool
Lair:6:   hangedman_lair_caniforms_friends, layout_regular_city,
          guppyfry_lair_end_dragon, basic_altar, lemuel_fruit_fields,
          lemuel_fruit_fields
Swamp:1:  layout_basic_swamp, nicolae_swamp_feature_on_the_river_bank,
          swamp_pool4, hangedman_swamp_grove
Orc:1:    layout_caves
Orc:2:    st_orc_open, layout_diamond_mine, nicolae_orc_crystal_geode,
          uniq_nessos, uniq_jorgrun
Depths:1: layout_gridlike, minmay_splitting_lines, abyss_entry, serial_shops,
          kennysheep_mini_moat, hell_entry, serial_bayou_lagoon_b

Notes
Turn   | Place    | Note
-------+----------+-------------------------------------------
     0 | D:1      | araganzar the Demigod Wanderer began the quest for the Orb.
     0 | D:1      | araganzar set off with the following items: a +0 dagger, a
                  | +0 buckler, a +0 robe; and the following spell memorised:
                  | Magic Dart; and the following spells available to memorise:
                  | Blink, Call Imp, Passwall, Slow, Wereblood, Conjure Flame,
                  | Mephitic Cloud
     0 | D:1      | Reached XP level 1. HP: 14/14 MP: 7/7
   419 | D:1      | Reached skill level 1 in Conjurations
   483 | D:1      | Reached XP level 2. HP: 10/20 MP: 0/9
   662 | D:1      | Learned a level 2 spell: Call Imp
  1065 | D:1      | Reached skill level 1 in Summonings
  1583 | D:2      | Reached XP level 3. HP: 26/26 MP: 7/10
  2201 | D:2      | Reached skill level 1 in Axes
  2399 | D:2      | Reached XP level 4. HP: 29/33 MP: 8/12
  2403 | D:2      | Learned a level 3 spell: Mephitic Cloud
  2407 | D:2      | Learned a level 3 spell: Conjure Flame
  2505 | D:2      | Noticed Terence
  2526 | D:2      | Killed Terence
  2527 | D:2      | Reached skill level 2 in Conjurations
  2603 | D:2      | Found an iron altar of Okawaru.
  2861 | D:2      | Noticed Jessica
  2873 | D:2      | Killed Jessica
  2984 | D:2      | Identified Jessica's Compendium of Displacement
  3065 | D:2      | Reached skill level 4 in Spellcasting
  3290 | D:3      | Reached skill level 2 in Summonings
  3606 | D:3      | Gained mutation: You are partially covered in yellow
                  | scales. (AC +2) [potion of mutation]
  3606 | D:3      | Gained mutation: You possess an exceptional clarity of
                  | mind. [potion of mutation]
  3789 | D:3      | Reached XP level 5. HP: 38/38 MP: 9/14
  4430 | D:3      | Reached skill level 1 in Fighting
  4430 | D:3      | Reached skill level 1 in Long Blades
  4430 | D:3      | Reached skill level 1 in Poison Magic
  4530 | D:3      | Found a stormy altar of Qazlal.
  4989 | D:4      | Found a transporter.
  4993 | D:4      | Noticed an ice beast
  4993 | D:4      | Noticed an ice beast
  4993 | D:4      | Noticed an ice beast
  5028 | D:4      | Reached XP level 6. HP: 40/48 MP: 11/15
  5102 | D:4      | Found a transporter.
  5412 | D:4      | Found a glowing silver altar of Zin.
  5446 | D:4      | Reached skill level 2 in Fighting
  5446 | D:4      | Reached skill level 2 in Long Blades
  5446 | D:4      | Reached skill level 3 in Conjurations
  5700 | D:5      | Entered Level 5 of the Dungeon
  6067 | D:5      | Noticed Blork the orc
  6077 | D:5      | Killed Blork the orc
  6078 | D:5      | Reached skill level 3 in Long Blades
  6328 | D:5      | Found a staircase to the Ecumenical Temple.
  6497 | D:5      | Found a hazy altar of Hepliaklqana.
  6574 | D:5      | Reached skill level 4 in Conjurations
  6574 | D:5      | Reached XP level 7. HP: 41/55 MP: 7/16
  6656 | D:5      | Found a basalt altar of Yredelemnul.
  6667 | D:5      | Found a blossoming altar of Fedhas.
  6980 | D:6      | Reached skill level 1 in Dodging
  7203 | D:6      | Reached skill level 4 in Long Blades
  7203 | D:6      | Reached skill level 2 in Shields
  7212 | D:5      | Reached skill level 2 in Dodging
  7329 | D:6      | Reached skill level 2 in Poison Magic
  7671 | D:6      | Reached skill level 2 in Ice Magic
  7830 | D:6      | Reached XP level 8. HP: 48/61 MP: 11/17
  8206 | D:7      | Reached skill level 3 in Dodging
  8206 | D:7      | Reached skill level 3 in Summonings
  8460 | D:7      | Reached skill level 3 in Ice Magic
  8771 | D:7      | Reached skill level 5 in Long Blades
  9134 | D:8      | Reached skill level 4 in Ice Magic
  9238 | D:8      | Learned a level 2 spell: Poisonous Vapours
  9453 | D:8      | Noticed a two-headed ogre
 10014 | D:8      | Got a shimmering ring mail
 10025 | D:8      | Identified the +5 ring mail of Discretion {*Slow Int+3
                  | Dex+2 Slay+2} (You found it on level 8 of the Dungeon)
 10458 | D:9      | Reached skill level 2 in Air Magic
 10515 | D:9      | Got a smoking trident
 10516 | D:9      | Identified the +6 trident "Fonudw Ygeki" {protect, Dex+3}
                  | (You found it on level 9 of the Dungeon)
 10551 | D:9      | Reached skill level 1 in Armour
 10671 | D:9      | Reached skill level 3 in Poison Magic
 10671 | D:9      | Reached XP level 9. HP: 55/67 MP: 7/18
 10750 | D:9      | Found a white marble altar of Elyvilon.
 10900 | D:9      | Reached skill level 6 in Long Blades
 10900 | D:9      | Reached skill level 2 in Armour
 10902 | D:9      | Reached skill level 2 in Evocations
 10913 | D:9      | Noticed Pikel
 10947 | D:9      | Killed Pikel
 10948 | D:9      | Reached skill level 3 in Evocations
 11126 | D:9      | Reached skill level 4 in Evocations
 11310 | D:9      | Reached skill level 3 in Fighting
 11435 | D:9      | Found a radiant altar of Vehumet.
 11458 | D:9      | Found Juepratz's Gadget Boutique.
 11501 | D:9      | Found a hide-covered altar of Uskayaw.
 11768 | D:9      | Reached skill level 5 in Spellcasting
 11911 | D:10     | Entered Level 10 of the Dungeon
 11911 | D:10     | Noticed a gargoyle
 11967 | D:10     | Found a staircase to the Orcish Mines.
 12118 | D:10     | Killed a gargoyle
 12119 | D:10     | Reached skill level 2 in Fire Magic
 12303 | D:10     | Noticed a two-headed ogre
 12331 | D:10     | Killed a two-headed ogre
 12332 | D:10     | Reached skill level 4 in Fighting
 12471 | D:10     | Reached skill level 3 in Fire Magic
 12471 | D:10     | Reached XP level 10. HP: 69/78 MP: 17/21
 12617 | D:10     | Reached skill level 5 in Conjurations
 12904 | D:10     | Reached skill level 3 in Shields
 13086 | D:10     | Learned a level 3 spell: Stone Arrow
 13156 | D:10     | Reached skill level 4 in Fire Magic
 13156 | D:10     | Reached skill level 1 in Earth Magic
 13437 | D:10     | Noticed a two-headed ogre
 13438 | D:10     | Reached skill level 2 in Earth Magic
 13468 | D:10     | Killed a two-headed ogre
 13469 | D:10     | Reached skill level 6 in Conjurations
 13469 | D:10     | Reached skill level 3 in Earth Magic
 13845 | D:11     | Reached skill level 4 in Earth Magic
 13878 | D:11     | Found a runed translucent gate.
 13878 | D:11     | Found a runed translucent gate.
 13878 | D:11     | Found a runed translucent gate.
 13879 | D:11     | Noticed a brown very ugly thing
 13879 | D:11     | Noticed a cyan ugly thing
 13880 | D:11     | Noticed a cyan ugly thing
 13880 | D:11     | Noticed a green ugly thing
 13880 | D:11     | Noticed a purple ugly thing
 13884 | D:11     | Noticed a cyan ugly thing
 14041 | D:11     | Noticed an elephant
 14122 | D:11     | Found a staircase to the Lair.
 14189 | D:11     | Killed an elephant
 14190 | D:11     | Reached skill level 4 in Shields
 14342 | D:11     | Learned a level 3 spell: Frozen Ramparts
 14490 | D:10     | Killed a red ugly thing
 14635 | D:11     | Reached skill level 7 in Conjurations
 14639 | D:11     | Reached XP level 11. HP: 79/84 MP: 9/22
 15168 | D:11     | Found a runed translucent gate.
 15168 | D:11     | Found a runed translucent gate.
 15171 | D:11     | Found a runed translucent gate.
 15185 | D:11     | Reached skill level 7 in Spellcasting
 15185 | D:11     | Reached skill level 8 in Conjurations
 15185 | D:11     | Reached skill level 6 in Ice Magic
 15185 | D:11     | Reached XP level 12. HP: 91/91 MP: 23/26
 15186 | D:11     | Noticed theguy1's ghost (journeyman MiFi)
 15264 | D:11     | Killed a brown very ugly thing
 15265 | D:11     | Reached skill level 4 in Summonings
 15559 | D:11     | Reached skill level 9 in Conjurations
 15559 | D:11     | Reached skill level 7 in Ice Magic
 15775 | D:12     | Reached skill level 8 in Spellcasting
 15931 | D:12     | Identified the Volume of the Sage
 16104 | D:12     | Reached skill level 7 in Long Blades
 16285 | D:12     | Identified the +3 long sword of Noxtuts {speed, rF+ rN+
                  | Str-2}
 16377 | D:12     | Found Atiw's General Store.
 16952 | Lair:1   | Entered Level 1 of the Lair of Beasts
 16958 | Lair:1   | Learned a level 4 spell: Sticky Flame
 16963 | Lair:1   | Learned a level 4 spell: Hailstorm
 17425 | Lair:1   | Reached skill level 8 in Long Blades
 17901 | Lair:2   | Noticed a five-headed hydra
 17908 | Lair:2   | Reached skill level 5 in Fire Magic
 17908 | Lair:2   | Killed a five-headed hydra
 18066 | Lair:2   | Found a staircase to the Swamp.
 18670 | Lair:2   | Reached skill level 5 in Fighting
 18670 | Lair:2   | Reached XP level 13. HP: 100/100 MP: 17/30
 18684 | Lair:2   | Reached skill level 9 in Spellcasting
 19340 | Lair:2   | Got a crude helmet
 19351 | Lair:2   | Identified the +1 helmet of Zatrirgh {Rampage} (You found
                  | it on level 2 of the Lair of Beasts)
 19683 | Lair:3   | Reached skill level 6 in Fighting
 19692 | Lair:3   | Reached skill level 3 in Armour
 19694 | Lair:3   | Reached skill level 8 in Ice Magic
 20411 | Lair:3   | Reached skill level 4 in Armour
 20411 | Lair:3   | Reached skill level 3 in Air Magic
 20411 | Lair:3   | Found a hole to the Spider Nest.
 20644 | Lair:3   | Reached skill level 4 in Dodging
 20820 | Lair:3   | Reached skill level 4 in Air Magic
 20825 | Lair:3   | Learned a level 4 spell: Summon Ice Beast
 21584 | Lair:4   | Identified Advanced Steps in Wizardry
 22039 | Lair:4   | Found a glowing silver altar of Zin.
 22948 | Lair:5   | Reached skill level 10 in Spellcasting
 23007 | Lair:5   | Found a viscous altar of Jiyva.
 23007 | Lair:5   | Found a staircase to the Slime Pits.
 23890 | Lair:6   | Entered Level 6 of the Lair of Beasts
 23945 | Lair:6   | Reached skill level 9 in Ice Magic
 24133 | Lair:6   | Reached XP level 14. HP: 110/110 MP: 9/33
 24369 | Lair:6   | Learned a level 4 spell: Iskenderun's Mystic Blast
 24668 | Lair:6   | Reached skill level 2 in Translocations
 24754 | Lair:6   | Found a hazy altar of Hepliaklqana.
 25103 | Lair:6   | Reached skill level 10 in Conjurations
 25251 | Lair:6   | Reached skill level 3 in Translocations
 25528 | Lair:6   | Reached skill level 10 in Ice Magic
 26119 | Lair:6   | Reached skill level 11 in Spellcasting
 26119 | Lair:6   | Reached skill level 4 in Translocations
 26966 | Lair:6   | Reached skill level 5 in Evocations
 28010 | D:13     | Found a flagged portal.
 28131 | Bailey   | Entered a bailey
 28140 | Bailey   | Learned a level 5 spell: Fireball
 28826 | D:13     | Reached skill level 1 in Throwing
 28902 | D:13     | Found an iron altar of Okawaru.
 29194 | D:13     | Reached skill level 6 in Fire Magic
 29237 | D:13     | Noticed Snorg
 29244 | D:13     | Reached skill level 2 in Throwing
 29249 | D:13     | Killed Snorg
 30130 | D:13     | Reached skill level 3 in Throwing
 30379 | D:14     | Reached skill level 12 in Spellcasting
 30526 | D:14     | Reached XP level 15. HP: 115/115 MP: 0/36
 30528 | D:14     | Reached skill level 5 in Armour
 30667 | D:14     | Upgraded the game from 0.26-a0-852-g6321bf7 to
                  | 0.26-a0-854-gdc81c2f
 30748 | D:14     | Paralysed by a hornet for 3 turns
 30783 | D:14     | Found a gate to the Vaults.
 31072 | D:14     | Found a sacrificial altar of Ru.
 31336 | D:15     | Entered Level 15 of the Dungeon
 31531 | D:15     | Found Hodilymi's Gadget Shop.
 31583 | D:15     | Reached skill level 5 in Air Magic
 32418 | D:15     | Found a staircase to the Depths.
 32790 | D:8      | Reached skill level 6 in Air Magic
 33227 | Orc:1    | Entered Level 1 of the Orcish Mines
 33650 | Orc:2    | Entered Level 2 of the Orcish Mines
 33736 | Orc:2    | Noticed Nessos
 33752 | Orc:2    | Killed Nessos
 34102 | Orc:2    | Reached skill level 7 in Air Magic
 34336 | Orc:2    | Found Ytatryng's Weapon Boutique.
 34741 | Orc:2    | Found Hielajy's Gadget Boutique.
 34774 | Orc:2    | Found Rosuw's Assorted Antiques.
 34779 | Orc:2    | Found a staircase to the Elven Halls.
 34784 | Orc:2    | Found Xoesec's General Store.
 34792 | Orc:2    | Bought a potion of heal wounds for 50 gold pieces
 34792 | Orc:2    | Bought a +2 buckler of cold resistance for 215 gold pieces
 35145 | Orc:2    | Noticed Jorgrun
 35181 | Orc:2    | Killed Jorgrun
 35182 | Orc:2    | Reached skill level 11 in Conjurations
 35182 | Orc:2    | Reached skill level 11 in Ice Magic
 35796 | Depths:1 | Entered Level 1 of the Depths
 35836 | Depths:1 | Noticed a fire giant
 35846 | D:15     | Reached skill level 8 in Air Magic
 35937 | Depths:1 | Killed a fire giant
 36984 | Depths:1 | Learned a level 6 spell: Freezing Cloud
 37212 | Swamp:1  | Entered Level 1 of the Swamp
 37796 | Lair:2   | Killed from afar by a will-o-the-wisp

Vanquished Creatures
  Jorgrun (Orc:2)
  A frost giant (Depths:1)
  A fire giant (Depths:1)
  2 very ugly things
  A stone giant (Depths:1)
  Nessos (Orc:2)
  A fire dragon (Lair:6)
  A yaktaur captain (D:15)
  7 hydras
  3 boulder beetles
  A vault guard (D:14)
  A ghost crab (Swamp:1)
  A death knight (D:13)
  14 two-headed ogres
  2 centaur warriors (D:15)
  An alligator (Lair:2)
  2 ogre magi (Orc:2)
  5 death yaks (Lair:6)
  2 deep troll earth magi
  An iron troll (Orc:2)
  A goliath frog (Swamp:1)
  3 deep trolls
  4 unseen horrors
  A deep elf mage (D:13)
  Pikel (D:9)
  A wolf spider zombie (D:15)
  An orc sorcerer (Orc:2)
  22 ugly things
  5 cyclopes
  A will-o-the-wisp (Swamp:1)
  2 wolf spiders
  2 manticores
  7 black mambas
  25 elephants
  5 centaur zombies
  A torpor snail (Lair:6)
  2 centaur skeletons
  4 gargoyles
  13 cane toads
  6 komodo dragons
  5 rime drakes
  8 polar bears (Lair:6)
  12 trolls
  A tyrant leech (Lair:2)
  A blink frog (shapeshifter) (Depths:1)
  2 raiju (Lair:6)
  6 slime creatures
  17 blink frogs
  3 hornets
  2 dream sheep (Lair:6)
  2 centaur simulacra
  2 redbacks (Lair:3)
  2 wraiths
  3 wyverns
  25 yaks
  A vampire (D:15)
  6 basilisks
  12 vampire mosquitoes
  9 wargs
  A soldier ant (D:14)
  13 hell hounds (Lair:6)
  2 acid dragons (Lair:6)
  12 water moccasins
  A swamp drake (Lair:6)
  2 sky beasts
  6 ice beasts
  13 orc warriors
  11 black bears (Lair:6)
  4 phantoms
  2 eyes of draining
  28 ogres
  A necrophage (D:8)
  41 wolves
  11 centaurs
  2 lemures (D:9)
  Blork the orc (D:5)
  14 bullfrogs
  4 big kobolds
  5 gnoll sergeants (D:10)
  18 killer bees
  3 scorpions
  3 wights (D:12)
  6 howler monkeys
  2 bullfrog zombies (D:12)
  4 hounds
  A quasit (D:9)
  11 orc priests
  3 bullfrog skeletons
  4 jellies
  7 iguanas
  Terence (D:2)
  12 orc wizards
  9 worker ants
  A hound zombie (D:4)
  2 human simulacra (D:9)
  A hound skeleton (D:3)
  A worker ant zombie (D:9)
  13 adders
  3 gnolls
  2 shadow imps
  2 white imps
  4 ufetubi
  3 oozes
  2 adder skeletons
  An adder zombie (D:5)
  A worm (D:4)
  50 orcs
  3 ball pythons
  3 bats
  2 giant cockroaches
  14 goblins
  8 hobgoblins
  9 jackals
  4 quokkas
  3 frilled lizards
  A jackal zombie (D:7)
  28 kobolds
  8 rats
  A bush (Lair:6)
703 creatures vanquished.

Vanquished Creatures (collateral kills)
  Snorg (D:13)
  3 hydras
  A two-headed ogre (Orc:2)
  A swamp dragon (Lair:6)
  2 ugly things (D:14)
  4 slime creatures (D:13)
  3 elephants (Lair:6)
  A black mamba (Lair:5)
  A cane toad (Lair:5)
  2 komodo dragons (Lair:6)
  A polar bear (Lair:6)
  A water elemental (Depths:1)
  A yak (Lair:6)
  A basilisk (Lair:5)
  2 vampire mosquitoes
  A water moccasin (Lair:5)
  A black bear (D:9)
  4 orc warriors (Bailey)
  An eye of draining (D:13)
  A centaur (D:7)
  5 ogres
  A lemure (D:9)
  2 big kobolds (D:3)
  A bullfrog (D:13)
  A scorpion (D:5)
  A centaur zombie (D:7)
  An orc priest (D:6)
  4 orc wizards
  Jessica (D:2)
  4 iguanas
  A worker ant (D:5)
  5 gnolls
  6 adders
  2 shadow imps (D:9)
  2 white imps
  A leopard gecko (D:4)
  5 orcs
  2 goblins
  A hobgoblin (D:3)
  2 jackals
  15 kobolds
  2 quokkas
  2 ball pythons (D:3)
100 creatures vanquished.

Vanquished Creatures (others)
  A steam dragon (Lair:6)
  9 foxfires
  65 fungi
  144 plants
219 creatures vanquished.

Grand Total: 1022 creatures vanquished
